 Dungeon Crawl Stone Soup version 0.27.0-1-g7a089689b8 (webtiles) character file.

Game seed: 1519712968663258612

308 Yabai the Conjurer (level 6, -1/42 HPs)
             Began as a Human Conjurer on Aug 11, 2021.
             Slain by happy's ghost (5 damage)
             ... on level 4 of the Dungeon.
             The game lasted 00:13:27 (3638 turns).

Yabai the Conjurer (Human Conjurer)                 Turns: 3638, Time: 00:13:27

Health: -1/42      AC:  5    Str:  7    XL:     6   Next: 68%
Magic:  2/10       EV: 19    Int: 20    God:
Gold:   107        SH:  0    Dex: 12    Spells: 8/11 levels left

rFire    . . .     SeeInvis .   n - +0 dagger (venom)
rCold    . . .     Faith    .   (no shield)
rNeg     . . .     Spirit   .   p - +0 leather armour
rPois    .         Reflect  .   i - +1 helmet
rElec    .         Harm     .   q - scarf {repulsion}
rCorr    .         Rampage  .   (no gloves)
Will     .....                  (no boots)
Stlth    +.........             (no amulet)
HPRegen  0.14/turn              l - +4 ring of evasion
MPRegen  0.12/turn              r - +4 ring of evasion

@: mighty, lethally poisoned (-1 -> -4), lit by a corona, slowed, glowing, repel
missiles, very slow
A: no striking features
a: no special abilities


You were on level 4 of the Dungeon.
You visited 1 branch of the dungeon, and saw 4 of its levels.

You collected 107 gold pieces.

Inventory:

Hand Weapons
 b - a +0 hand axe
 n - a +0 dagger of venom (weapon)
Missiles
 a - 6 curare-tipped darts
 e - 14 poisoned darts (quivered)
 h - 2 throwing nets
Armour
 i - a +1 helmet (worn)
 p - a +0 leather armour (worn)
 q - a scarf of repulsion (worn)
Jewellery
 l - a +4 ring of evasion (left hand)
 r - a +4 ring of evasion (right hand)
Scrolls
 k - 3 scrolls of identify
 m - a scroll of fog {unknown}
Potions
 c - a potion of invisibility {unknown}
 d - a potion of degeneration {unknown}
 f - a potion of attraction {unknown}
 g - a potion of might
 j - a potion of curing {unknown}
 o - a potion of magic {unknown}


   Skills:
 + Level 0.7 Fighting
 + Level 0.3 Short Blades
 + Level 2.2 Axes
 + Level 0.8 Armour
 + Level 2.8 Dodging
 + Level 3.1 Stealth
 + Level 3.1 Spellcasting
 + Level 5.3 Conjurations


You had 8 spell levels left.
You knew the following spells:

 Your Spells              Type           Power      Damage    Failure   Level
a - Magic Dart            Conj           96%        1d7       2%          1
b - Searing Ray           Conj           48%        3d5       3%          2

Your spell library contained the following spells:

 Spells                   Type           Power      Damage    Failure   Level
 Apportation              Tloc           6%         N/A       21%         1
 Dazzling Flash           Conj/Hex       26%        N/A       21%         3
 Fulminant Prism          Conj/Hex       6%         3d7       56%         4
 Iskenderun's Mystic Bla  Conj/Tloc      13%        2d5       56%         4
 Alistair's Intoxication  Tmut/Pois      2%         N/A       99%         5
 Invisibility             Hex            1%         N/A       100%        6


Dungeon Overview and Level Annotations

Branches:
Dungeon (4/15)
 Temple: D:4-7

Altars:
Qazlal

Annotations:
D:4 happy's ghost, amateur OpAM


Message History

You are poisoned.
You hit happy's ghost but do no damage.
Happy's ghost is lightly damaged.
You feel very sick. Happy's ghost completely misses you.
Happy's ghost hits you but does no damage.
You barely miss happy's ghost.
Happy's ghost is lightly damaged.
You feel very sick.
Happy's ghost stares at you and mumbles some strange words.
You resist with significant effort.
You completely miss happy's ghost.
Happy's ghost is lightly damaged.
You feel sick. Happy's ghost hits you. x2
You are more poisoned.
You hit happy's ghost but do no damage.
Happy's ghost is lightly damaged.
You feel very sick.
Happy's ghost hits you but does no damage.
You completely miss happy's ghost.
Happy's ghost is lightly damaged.
You feel sick.
Happy's ghost stares at you and mumbles some strange words.
You are outlined in light.
Happy's ghost closely misses you.
You feel sick. Happy's ghost barely misses you.
You feel sick.
Happy's ghost says, "You will never get the ORB!"
Happy's ghost completely misses you.
You feel sick. Happy's ghost hits you.
* * * LOW HITPOINT WARNING * * *
You are more poisoned.
You feel very mighty all of a sudden.
You feel very sick. Happy's ghost hits you.
* * * LOW HITPOINT WARNING * * *
You closely miss happy's ghost.
Happy's ghost is lightly damaged.
* * * LOW HITPOINT WARNING * * *
You feel sick. Happy's ghost misses you. Happy's ghost hits you.
You die...

#....#########
###..####..).(...#
....## #....# #.#
..### #....#≈#.#
..# ##....#?#.#
..######)....#≈#.#
...##....#.#.#≈#.#
...#..####.#.#≈#.#
.....## #...#≈#@#
......# #>..#'#W#
........##....[..#
......†......#####
#...##)......#
.............#
##.......#...#
.#...####.#.# $.
....#


You could see happy's ghost.

Vanquished Creatures
  An ogre (D:4)
  A jelly (D:4)
  A killer bee zombie (D:4)
  7 gnolls (D:2)
  3 adders
  5 worms
  2 dart slugs
  5 ball pythons
  3 endoplasms
  A giant cockroach (D:3)
  7 goblins
  8 hobgoblins
  6 jackals (D:2)
  3 quokkas
  2 bats
  A frilled lizard (D:2)
  A jackal skeleton (D:4)
  5 kobolds
  10 rats
72 creatures vanquished.

Vanquished Creatures (others)
  A plant (D:3)
1 creature vanquished.

Grand Total: 73 creatures vanquished

Notes
Turn   | Place    | Note
-------+----------+-------------------------------------------
     0 | D:1      | Yabai the Human Conjurer began the quest for the Orb.
     0 | D:1      | Reached XP level 1. HP: 13/13 MP: 3/3
   386 | D:1      | Reached XP level 2. HP: 19/19 MP: 3/5
   389 | D:1      | Learned a level 2 spell: Searing Ray
   411 | D:1      | Found a faded altar of an unknown god.
   856 | D:2      | Reached skill level 1 in Axes
   856 | D:2      | Reached XP level 3. HP: 24/24 MP: 0/6
  1304 | D:2      | Reached XP level 4. HP: 30/30 MP: 4/7
  1675 | D:2      | Reached XP level 5. HP: 32/35 MP: 1/8
  1678 | D:2      | Reached skill level 5 in Conjurations
  2225 | D:3      | Found a stormy altar of Qazlal.
  3248 | D:4      | Reached XP level 6. HP: 42/42 MP: 5/10
  3590 | D:4      | Noticed an ogre
  3596 | D:4      | Killed an ogre
  3608 | D:4      | Found a runed translucent door.
  3615 | D:4      | Noticed happy's ghost (amateur OpAM)
  3616 | D:4      | Identified the +1 chain mail "Metiumae" {rC+++ Str+8 Dex-3
                  | Stlth-}
  3638 | D:4      | Slain by happy's ghost

Illustrated notes

Levels and vault maps discovered:
D:1:      co_arrival_random_square_maze, layout_basic,
          hellmonk_ecumenical_altar_zigzags, dk_noncrumbling_3
D:2:      layout_basic
D:3:      layout_rooms, grunt_qazlal_sundering, serial_bayou_lagoon_a,
          st_stairs_3, minmay_misc_feat_nine_boxes, dk_noncrumbling_4
D:4:      layout_rooms, ebering_ghost_sewer_d, kennysheep_generic_room_10

Skill      XL: |  1  2  3  4  5  6 |
---------------+-------------------+-----
Axes           | 1 2 |  2.2
Conjurations   | 5 |  5.3
Stealth        | 3 |  3.1
Spellcasting   | 3 |  3.1
Fighting       | |  0.7
Short Blades   | |  0.3
Armour         | |  0.8
Dodging        | |  2.8

Action                   |  1- 3 |  4- 6 || total
-------------------------+-------+-------++-------
Melee: Hand axe          |    23 |    37 ||    60
       Dagger            |       |    42 ||    42
 Cast: Magic Dart        |    38 |    81 ||   119
       Searing Ray       |     1 |     8 ||     9
  Use: Scroll            |     2 |     4 ||     6
       Potion            |       |     1 ||     1
 Stab: Sleeping          |     3 |     2 ||     5
Armor: Robe              |    14 |     6 ||    20
       Leather armour    |       |    10 ||    10
Dodge: Dodged            |    33 |    83 ||   116
